AoeStats
← BottleDry

Arabia

508545337Analyzed
4v4 RM · 9d ago on Sep 23, 2026· 80m 28s· 8 players
Game mode
Random Map
Map size
Large (8 player)
Population
200
Speed
Normal
Resources
Standard
Victory
Conquest
Starting age
Dark Age
Ending age
Imperial Age
RankedLock teamsTeams togetherTeam positionsShared explorationLock speedFull tech treeHidden civsTurbo modeCheats
Victory
Defeat
🇨🇴 Spanish · Colombia
958
+19
🇵🇪 Danes · Peru
903
+21
🇨🇱 Georgians · Chile
902
+22
🇮🇩 Vikings · Indonesia
895
+22
🇵🇪 Khmer · Peru
1064
-22
🇧🇷 Aztecs · Brazil
1051
-22
🇺🇸 Varangians · United States
1011
-20
🇺🇸 Saxons · United States
996
-20
joaolex1978
1:44 Loom
11:24 Feudal Age
18:43 Castle Age
16:56 Double-Bit Axe
17:02 Horse Collar
18:11 Stone Mining
18:49 Gold Mining
20:01 Bow Saw
23:33 Heavy Plow
32:07 Imperial Age
30:16 Wheelbarrow
29:57 Town Watch
30:58 Gold Shaft Mining
30:47 Ballistics
31:39 Hand Cart
32:31 Forging
33:15 Caravan
33:56 Town Patrol
34:18 Scale Mail Armor
35:35 Conscription
36:00 Cranequins
36:47 Thumb Ring
36:12 Hamask
36:25 Pikeman
39:09 Iron Casting
38:50 Chain Mail Armor
38:42 Fletching
38:53 Padded Archer Armor
39:31 Heavy Mounted Crossbowman
39:35 Elite Varangian Guard
40:17 Squires
40:03 Gambesons
39:51 Halberdier
40:17 Arson
40:51 Padded Archer Armor
41:17 Elite Skirmisher
42:41 Leather Archer Armor
42:25 Bodkin Arrow
43:04 Bloodlines
42:14 Light Cavalry
42:55 Husbandry
43:11 Bracer
43:54 Ring Archer Armor
44:48 Blast Furnace
44:22 Plate Mail Armor
47:17 Scale Barding Armor
51:12 Chemistry
52:03 Chain Barding Armor
54:51 Elite Jomsviking
60:38 Northmen's Fury
68:18 Plate Barding Armor
73:21 Onager
75:51 Siege Onager
78:21 Capped Ram
80:13 Siege Ram
SSC LyonM
10:25 Feudal Age
9:33 Loom
12:41 Double-Bit Axe
19:57 Castle Age
21:49 Elite Skirmisher
28:19 Ballistics
33:08 Town Watch
35:10 Fletching
35:27 Scale Barding Armor
38:57 Imperial Age
37:34 Town Patrol
37:48 Fortified Wall
37:33 Murder Holes
37:19 Treadmill Crane
38:26 Wheelbarrow
37:45 Stone Mining
40:10 Husbandry
40:21 Bloodlines
40:53 Chain Barding Armor
40:43 Forging
40:29 Bodkin Arrow
42:50 Hand Cart
41:58 Elite Monaspa
43:41 Onager
45:48 Plate Barding Armor
45:49 Iron Casting
45:15 Bracer
45:17 Padded Archer Armor
44:39 Capped Ram
44:46 Cavalier
46:37 Siege Onager
48:24 Siege Ram
51:17 Heavy Scorpion
53:42 Caravan
54:12 Coinage
53:53 Guilds
54:59 Aznauri Cavalry
57:33 Conscription
61:32 Svan Towers
60:55 Pikeman
61:22 Arson
61:38 Squires
61:44 Halberdier
62:36 Gambesons
62:12 Man-at-Arms
64:09 Banking
64:45 Blast Furnace
63:48 Scale Mail Armor
65:17 Long Swordsman
Teninesick
1:23 Loom
11:56 Feudal Age
22:07 Castle Age
23:11 Stone Mining
36:08 Double-Bit Axe
55:26 Gold Mining
64:10 Pikeman
64:51 Squires
64:37 Arson
64:53 Squires
64:43 Pikeman
66:11 Squires
67:21 Forging
67:12 Scale Mail Armor
70:23 Pikeman
71:03 Squires
70:51 Arson
71:45 Iron Casting
71:25 Chain Mail Armor
adac1296
9:09 Loom
11:03 Feudal Age
9:20 Loom
18:56 Castle Age
17:57 Stone Mining
17:56 Double-Bit Axe
17:55 Horse Collar
19:13 Gold Mining
20:30 Fletching
24:50 Town Watch
35:01 Imperial Age
33:13 Wheelbarrow
32:39 Murder Holes
33:05 Pikeman
39:36 Halberdier
44:03 Husbandry
44:14 Bloodlines
43:43 Light Cavalry
43:45 Cavalier
48:19 Scale Barding Armor
62:34 Heavy Plow
64:41 Bow Saw
65:41 Hand Cart
67:14 Chemistry
67:16 Hussar
68:52 Chain Barding Armor
68:43 Forging
71:17 Plate Barding Armor
71:18 Iron Casting
71:49 Conscription
71:41 Town Patrol
73:22 Squires
73:08 Arson
74:26 Blast Furnace
73:27 Scale Mail Armor
74:17 Bodkin Arrow
74:23 Padded Archer Armor
75:25 Capped Ram
76:49 Bracer
77:05 Chain Mail Armor
76:19 Siege Ram
BottleDry
7:03 Loom
9:38 Feudal Age
10:19 Double-Bit Axe
10:11 Man-at-Arms
12:42 Horse Collar
15:55 Forging
16:54 Scale Mail Armor
21:46 Castle Age
20:29 Padded Archer Armor
20:19 Fletching
tenduril
11:02 Feudal Age
11:45 Double-Bit Axe
12:47 Bloodlines
19:31 Horse Collar
22:15 Castle Age
20:50 Forging
22:46 Light Cavalry
24:35 Heavy Plow
24:33 Gold Mining
26:34 Scale Barding Armor
28:07 Husbandry
28:44 Bow Saw
30:56 Wheelbarrow
33:13 Iron Casting
32:38 Scale Mail Armor
32:58 Chain Barding Armor
34:56 Hand Cart
37:44 Imperial Age
35:02 Loom
36:28 Chain Mail Armor
36:20 Squires
36:06 Arson
36:07 Gambesons
36:44 Pikeman
38:09 Fletching
38:19 Padded Archer Armor
37:43 Elite Skirmisher
39:22 Bodkin Arrow
40:28 Blast Furnace
39:58 Plate Mail Armor
44:41 Halberdier
46:00 Conscription
45:59 Gothikon
48:09 Vendel Legacy
48:14 Cavalier
48:15 Hussar
50:04 Caravan
53:06 Elite Jarl
53:33 Cavalier
59:01 Crop Rotation
59:04 Hussar
62:57 Plate Barding Armor
62:23 Bracer
65:29 Leather Archer Armor
70:03 Elite Varangian Guard
72:46 Chemistry
72:07 Ballistics
GoEchi
2:49 Loom
9:10 Feudal Age
16:31 Castle Age
17:34 Double-Bit Axe
24:26 Horse Collar
27:13 Bow Saw
27:30 Stone Mining
27:33 Gold Mining
33:54 Gold Shaft Mining
34:35 Stone Shaft Mining
38:47 Imperial Age
37:59 Wheelbarrow
37:11 Town Watch
38:11 Heavy Plow
42:08 Double Crossbow
42:24 Forging
42:19 Scale Barding Armor
ComanddBR2
2:35 Loom
12:19 Feudal Age
14:18 Horse Collar
19:26 Castle Age
18:30 Double-Bit Axe
22:17 Fervor
24:08 Forging
24:13 Heavy Plow
25:52 Eagle Warrior
26:35 Squires
26:41 Scale Mail Armor
27:22 Wheelbarrow
33:03 Imperial Age
30:38 Gold Mining
33:56 Town Watch
34:49 Conscription
37:06 Elite Skirmisher
39:09 Chemistry
39:21 Chain Mail Armor
38:57 Fletching
39:44 Ballistics
40:08 Padded Archer Armor
41:41 Bodkin Arrow
44:09 Garland Wars
43:15 Elite Eagle Warrior
46:15 Iron Casting
46:39 Capped Ram
48:34 Arson
53:38 Blast Furnace
53:08 Plate Mail Armor
52:39 Bracer
53:48 Leather Archer Armor
54:36 Pikeman
72:55 Atlatl
Connection lost

Rejoining the realm…

Still unreachable

The connection could not be restored.

Session expired

The server has moved on; the page needs a fresh start.